TOP OF THE 1ST |
Arkansas Travelers batting - Pitching for Akron RubberDucks : RHP Yuri Bijleveld
|
Pitching: RHP Yuri Bijleveld
|
|
Batting: LHB Larry Prey
|
0-0: Called Strike 0-1: Ground out 4-3 (Groundball, 4M, EV 106.9 MPH)
|
Batting: LHB Griffin Ferris
|
0-0: Called Strike 0-1: Ball 1-1: Ball 2-1: Ball 3-1: Base on Balls
|
Batting: LHB Mark Reeg
|
0-0: Ball 1-0: SINGLE (Line Drive, 34D, EV 96.9 MPH) Griffin Ferris to second
|
Batting: SHB Mario Padron
|
0-0: Called Strike 0-1: Foul Ball, location: 2F 0-2: Ball 1-2: Strikes out swinging
|
Batting: RHB Juan Montez
|
0-0: Called Strike 0-1: Swinging Strike 0-2: Ball 1-2: Fielders Choice at 2nd, 6-4 (Groundball, 56, EV 106.2 MPH)
|
Top of the 1st over - 0 runs, 1 hit, 0 errors, 2 left on base; Arkansas 0 - Akron 0 |
BOTTOM OF THE 1ST |
Akron RubberDucks batting - Pitching for Arkansas Travelers : RHP Luis Cabrera
|
Pitching: RHP Luis Cabrera
|
|
Batting: LHB Robby Dann
|
0-0: Ball 1-0: Called Strike 1-1: Ball 2-1: Foul Ball, location: 2F 2-2: Foul Ball, location: 2F 2-2: Foul Ball, location: 2F 2-2: Strikes out looking
|
Batting: RHB Mitch Boyd
|
0-0: Ball 1-0: Foul Ball, location: 2F 1-1: Ball 2-1: Foul Ball, location: 2F 2-2: Foul Ball, location: 2F 2-2: Foul Ball, location: 2F 2-2: Ball 3-2: SINGLE (Groundball, 56, EV 108.1 MPH) (infield hit)
|
Batting: SHB Valentin Laporte
|
0-0: Fly out, F8 (Flyball, 8LD, EV 96.9 MPH)
|
Batting: LHB Esteban Cordova
|
0-0: Ball 1-0: Foul Ball, location: 2F 1-1: Ball 2-1: Swinging Strike 2-2: Foul Ball, location: 2F 2-2: Hit by Pitch Mitch Boyd to second
|
Batting: RHB Rico Coss
|
0-0: Ball 1-0: Fielders Choice at 2nd, 6-4 (Groundball, 56D, EV 85.0 MPH)
|
Bottom of the 1st over - 0 runs, 1 hit, 0 errors, 2 left on base; Arkansas 0 - Akron 0 |
TOP OF THE 2ND |
Arkansas Travelers batting - Pitching for Akron RubberDucks : RHP Yuri Bijleveld
|
Batting: RHB Ryuji Ito
|
0-0: Ball 1-0: Ball 2-0: Ball 3-0: Called Strike 3-1: Called Strike 3-2: Ground out 4-3 (Groundball, 34, EV 78.1 MPH)
|
Batting: RHB Timoleon Tsikouna
|
0-0: Ball 1-0: Called Strike 1-1: SINGLE (Groundball, 5S, EV 60.6 MPH) (infield hit)
|
Batting: RHB Danny Bjarnson
|
0-0: Ball 1-0: Foul Ball, location: 2F 1-1: Foul Ball, location: 2F 1-2: Ball 2-2: Ball 3-2: Fly out, F9 (Flyball, 9, EV 94.4 MPH)
|
Batting: LHB Barrfhionn O'Toole
|
0-0: Foul Ball, location: 2F 0-1: Ball 1-1: Ball 2-1: Ball 3-1: Foul Ball, location: 2F 3-2: Reached on error, E4 (Groundball, 4, EV 86.2 MPH) Timoleon Tsikouna to second
|
Batting: LHB Larry Prey
|
0-0: Fly out, F8 (Flyball, 89S, EV 96.9 MPH)
|
Top of the 2nd over - 0 runs, 1 hit, 1 error, 2 left on base; Arkansas 0 - Akron 0 |
BOTTOM OF THE 2ND |
Akron RubberDucks batting - Pitching for Arkansas Travelers : RHP Luis Cabrera
|
Batting: SHB Jarrod Lindblad
|
0-0: Swinging Strike 0-1: Called Strike 0-2: Strikes out swinging
|
Batting: RHB Anibal Casteles
|
0-0: Swinging Strike 0-1: Ball 1-1: Ground out 6-3 (Groundball, 6, EV 85.6 MPH)
|
Batting: RHB George Wagner
|
0-0: Called Strike 0-1: Ball 1-1: Ball 2-1: Called Strike 2-2: Strikes out swinging
|
Bottom of the 2nd over - 0 runs, 0 hits, 0 errors, 0 left on base; Arkansas 0 - Akron 0 |
TOP OF THE 3RD |
Arkansas Travelers batting - Pitching for Akron RubberDucks : RHP Yuri Bijleveld
|
Batting: LHB Griffin Ferris
|
0-0: Called Strike 0-1: Ball 1-1: Ground out 5-3 (Groundball, 5S, EV 82.5 MPH)
|
Batting: LHB Mark Reeg
|
0-0: Ball 1-0: Ground out 2-3 (Groundball, 15S, EV 66.9 MPH)
|
Batting: SHB Mario Padron
|
0-0: Called Strike 0-1: Called Strike 0-2: Ball 1-2: Ball 2-2: Ball 3-2: Ground out U3 (Groundball, 34, EV 81.9 MPH)
|
Top of the 3rd over - 0 runs, 0 hits, 0 errors, 0 left on base; Arkansas 0 - Akron 0 |
BOTTOM OF THE 3RD |
Akron RubberDucks batting - Pitching for Arkansas Travelers : RHP Luis Cabrera
|
Batting: SHB Edwin Dominguez
|
0-0: Ball 1-0: Ball 2-0: Swinging Strike 2-1: Ball 3-1: Foul Ball, location: 2F 3-2: SINGLE (Groundball, 34D, EV 108.1 MPH)
|
Batting: LHB Robby Dann
|
0-0: Ball 1-0: Called Strike 1-1: Swinging Strike 1-2: Strikes out swinging
|
Batting: RHB Mitch Boyd
|
0-0: Ball 1-0: Foul Ball, location: 2F 1-1: Foul Ball, location: 2F 1-2: Foul Ball, location: 2F 1-2: DOUBLE (Flyball, 8RXD, EV 95.6 MPH) Edwin Dominguez to third Edwin Dominguez scores
|
Pinch Runner at 2nd Ferdi Schipper:
|
|
Batting: SHB Valentin Laporte
|
0-0: Ball 1-0: Ball 2-0: Foul Ball, location: 2F 2-1: SINGLE (Groundball, 34D, EV 97.5 MPH) Ferdi Schipper to third Runner from 3rd tries for Home, SAFE, throw by RF to home
|
Batting: LHB Esteban Cordova
|
0-0: Ball Valentin Laporte steals 2nd base 1-0: Foul Ball, location: 2F 1-1: Ball 2-1: Ground out 3-1 (Groundball, 34S, EV 78.1 MPH) Valentin Laporte to third
|
Batting: RHB Rico Coss
|
0-0: Ball 1-0: Called Strike 1-1: Called Strike 1-2: Foul Ball, location: 2F 1-2: Ball 2-2: Ground out 5-3 (Groundball, 56, EV 81.9 MPH)
|
Bottom of the 3rd over - 2 runs, 3 hits, 0 errors, 1 left on base; Arkansas 0 - Akron 2 |
TOP OF THE 4TH |
Arkansas Travelers batting - Pitching for Akron RubberDucks : RHP Yuri Bijleveld
|
Now at 1B: Ferdi Schipper
|
|
Now at SS: Rico Coss
|
|
Batting: RHB Juan Montez
|
0-0: Ball 1-0: Foul Ball, location: 2F 1-1: Foul Ball, location: 2F 1-2: Ball 2-2: SINGLE (Line Drive, 89S, EV 106.9 MPH)
|
Batting: RHB Ryuji Ito
|
0-0: Ball 1-0: Called Strike 1-1: Swinging Strike 1-2: Reached on error, E1 (Groundball, 13S, EV 70.6 MPH) Juan Montez to second
|
Batting: RHB Timoleon Tsikouna
|
0-0: Called Strike 0-1: Ball 1-1: Called Strike 1-2: Ball 2-2: Grounds into double play, 5-4-3 (Groundball, 56, EV 76.2 MPH) Juan Montez to third
|
Batting: RHB Danny Bjarnson
|
0-0: Swinging Strike 0-1: SINGLE (Groundball, 4MD, EV 98.8 MPH) Juan Montez scores
|
Batting: LHB Barrfhionn O'Toole
|
0-0: Called Strike 0-1: Ball 1-1: Swinging Strike 1-2: Ground out 4-3 (Groundball, 4, EV 81.2 MPH)
|
Top of the 4th over - 1 run, 2 hits, 1 error, 1 left on base; Arkansas 1 - Akron 2 |
BOTTOM OF THE 4TH |
Akron RubberDucks batting - Pitching for Arkansas Travelers : RHP Luis Cabrera
|
Batting: SHB Jarrod Lindblad
|
0-0: Called Strike 0-1: Foul Ball, location: 2F 0-2: Ball 1-2: Ball 2-2: Strikes out swinging
|
Batting: RHB Anibal Casteles
|
0-0: Ball 1-0: Called Strike 1-1: Ball 2-1: Foul Ball, location: 2F 2-2: Ball 3-2: Strikes out swinging
|
Batting: RHB George Wagner
|
0-0: Ball 1-0: Ball 2-0: Swinging Strike 2-1: Foul Ball, location: 2F 2-2: Ground out 5-3 (Groundball, 5, EV 85.0 MPH)
|
Bottom of the 4th over - 0 runs, 0 hits, 0 errors, 0 left on base; Arkansas 1 - Akron 2 |
TOP OF THE 5TH |
Arkansas Travelers batting - Pitching for Akron RubberDucks : RHP Yuri Bijleveld
|
Batting: LHB Larry Prey
|
0-0: Ball 1-0: SINGLE (Groundball, 34D, EV 102.5 MPH)
|
Batting: LHB Griffin Ferris
|
0-0: Called Strike 0-1: Swinging Strike 0-2: Ball 1-2: Foul Ball, location: 2F 1-2: Ball 2-2: Fly out, F8 (Line Drive, 8LD, EV 83.8 MPH)
|
Batting: LHB Mark Reeg
|
0-0: Ball 1-0: Called Strike 1-1: Ball 2-1: Foul Ball, location: 2F 2-2: Single, Error in OF, E8, batter to second base (Groundball, 6MD, EV 104.4 MPH) Larry Prey to third
|
Batting: SHB Mario Padron
|
0-0: Called Strike 0-1: Called Strike 0-2: Hit by Pitch
|
Batting: RHB Juan Montez
|
0-0: Called Strike 0-1: Called Strike 0-2: Fly out, F9 (Flyball, 9LM, EV 81.9 MPH)
|
Batting: RHB Ryuji Ito
|
0-0: Ball 1-0: Foul Ball, location: 2F 1-1: Ball 2-1: Foul Ball, location: 2F 2-2: Foul Ball, location: 2F 2-2: Ground out 6-3 (Groundball, 6M, EV 98.1 MPH)
|
Top of the 5th over - 0 runs, 2 hits, 1 error, 3 left on base; Arkansas 1 - Akron 2 |
BOTTOM OF THE 5TH |
Akron RubberDucks batting - Pitching for Arkansas Travelers : RHP Luis Cabrera
|
Batting: SHB Edwin Dominguez
|
0-0: Ball 1-0: Ball 2-0: Foul Ball, location: 2F 2-1: Swinging Strike 2-2: Strikes out looking
|
Batting: LHB Robby Dann
|
0-0: Ball 1-0: Ground out 4-3 (Groundball, 34, EV 90.0 MPH)
|
Batting: RHB Ferdi Schipper
|
0-0: Ball 1-0: TRIPLE (Groundball, 3L, EV 101.9 MPH)
|
Batting: SHB Valentin Laporte
|
0-0: Ball 1-0: Called Strike 1-1: Foul Ball, location: 2F 1-2: Ground out 1-3 (Groundball, 13S, EV 65.6 MPH)
|
Bottom of the 5th over - 0 runs, 1 hit, 0 errors, 1 left on base; Arkansas 1 - Akron 2 |
TOP OF THE 6TH |
Arkansas Travelers batting - Pitching for Akron RubberDucks : RHP Yuri Bijleveld
|
Batting: RHB Timoleon Tsikouna
|
0-0: Ball 1-0: Called Strike 1-1: Foul Ball, location: 2F 1-2: Ball 2-2: Foul Ball, location: 2F 2-2: Ground out U3 (Groundball, 13, EV 85.6 MPH)
|
Pitching: RHP En-guo Tsu
|
|
Batting: RHB Danny Bjarnson
|
0-0: Swinging Strike 0-1: Called Strike 0-2: Ball 1-2: Strikes out swinging
|
Batting: LHB Barrfhionn O'Toole
|
0-0: Ball 1-0: Foul Ball, location: 2F 1-1: Called Strike 1-2: Strikes out looking
|
Top of the 6th over - 0 runs, 0 hits, 0 errors, 0 left on base; Arkansas 1 - Akron 2 |
BOTTOM OF THE 6TH |
Akron RubberDucks batting - Pitching for Arkansas Travelers : RHP Luis Cabrera
|
Batting: LHB Esteban Cordova
|
0-0: Ball 1-0: Called Strike 1-1: Foul Ball, location: 2F 1-2: Foul Ball, location: 2F 1-2: Ball 2-2: Foul Ball, location: 2F 2-2: Strikes out looking
|
Pitching: LHP Steve McClain
|
|
Batting: RHB Rico Coss
|
0-0: Fly out, F9 (Flyball, 9, EV 88.8 MPH)
|
Batting: SHB Jarrod Lindblad
|
0-0: Called Strike 0-1: Foul Ball, location: 2F 0-2: Ball 1-2: Foul Ball, location: 2F 1-2: Foul Ball, location: 2F 1-2: Foul Ball, location: 2F 1-2: Ball 2-2: Ground out 6-3 (Groundball, 6, EV 83.1 MPH)
|
Bottom of the 6th over - 0 runs, 0 hits, 0 errors, 0 left on base; Arkansas 1 - Akron 2 |
TOP OF THE 7TH |
Arkansas Travelers batting - Pitching for Akron RubberDucks : RHP En-guo Tsu
|
Now at 2B: Rico Coss
|
|
Now at SS: Charles Marcel
|
|
Batting: LHB Larry Prey
|
0-0: Called Strike 0-1: Swinging Strike 0-2: Strikes out swinging
|
Batting: LHB Griffin Ferris
|
0-0: Called Strike 0-1: Reached on error, E4 (Groundball, 34, EV 103.1 MPH)
|
Batting: LHB Mark Reeg
|
0-0: Ball 1-0: DOUBLE (Line Drive, 8LXD, EV 102.5 MPH) Griffin Ferris to third
|
Batting: SHB Mario Padron
|
0-0: Ball 1-0: Ground out U3 (Groundball, 3L, EV 108.1 MPH) Griffin Ferris scores Mark Reeg to third
|
Batting: LHB Justin Balthazor
|
0-0: Ball 1-0: Ball 2-0: Foul Ball, location: 2F 2-1: Ground out 4-3 (Groundball, 4, EV 78.8 MPH)
|
Top of the 7th over - 1 run, 1 hit, 1 error, 1 left on base; Arkansas 2 - Akron 2 |
BOTTOM OF THE 7TH |
Akron RubberDucks batting - Pitching for Arkansas Travelers : LHP Steve McClain
|
Batting: RHB Anibal Casteles
|
0-0: Ball 1-0: SINGLE (Line Drive, 8RS, EV 107.5 MPH)
|
Batting: RHB George Wagner
|
0-0: Bunted foul 0-1: Bunt missed! 0-2: Strikes out looking
|
Batting: SHB Edwin Dominguez
|
Pickoff Throw to First - Out! 1-3 0-0: Ball 1-0: Ball 2-0: Ball 3-0: Called Strike 3-1: Foul Ball, location: 2F 3-2: Base on Balls
|
Batting: LHB Robby Dann
|
0-0: Foul Ball, location: 2F 0-1: Ball Edwin Dominguez is caught stealing 2nd base 2-6
|
Bottom of the 7th over - 0 runs, 1 hit, 0 errors, 0 left on base; Arkansas 2 - Akron 2 |
TOP OF THE 8TH |
Arkansas Travelers batting - Pitching for Akron RubberDucks : RHP En-guo Tsu
|
Pitching: LHP Gil Longoria
|
|
Batting: RHB Ryuji Ito
|
0-0: Swinging Strike 0-1: Foul Ball, location: 2F 0-2: Foul Ball, location: 2F 0-2: Ball 1-2: Ball 2-2: Ball 3-2: Strikes out looking
|
Batting: RHB Timoleon Tsikouna
|
0-0: Ball 1-0: Called Strike 1-1: Ball 2-1: Ball 3-1: Called Strike 3-2: Base on Balls
|
Batting: RHB Danny Bjarnson
|
0-0: Ball 1-0: Foul Ball, location: 2F 1-1: Called Strike 1-2: Fly out, F9 (Flyball, 9, EV 82.5 MPH)
|
Batting: LHB Barrfhionn O'Toole
|
0-0: Called Strike 0-1: Ball 1-1: Ball 2-1: Called Strike 2-2: Ball 3-2: Foul Ball, location: 2F 3-2: Base on Balls Timoleon Tsikouna to second
|
Pinch Hitting: RHB Juan Rosa
|
0-0: Ball 1-0: Foul Ball, location: 2F 1-1: Swinging Strike 1-2: Ball 2-2: Strikes out swinging
|
Top of the 8th over - 0 runs, 0 hits, 0 errors, 2 left on base; Arkansas 2 - Akron 2 |
BOTTOM OF THE 8TH |
Akron RubberDucks batting - Pitching for Arkansas Travelers : LHP Steve McClain
|
Now at 2B: Ryan Pelletier
|
|
Now at 3B: Danny Bjarnson
|
|
Pinch Hitting: RHB Kaoru Toda
|
0-0: Called Strike 0-1: Swinging Strike 0-2: SINGLE (Groundball, 25, EV 69.4 MPH) (infield hit)
|
Batting: RHB Ferdi Schipper
|
0-0: Bunt missed! 0-1: Sac Bunt to P - play at first, batter OUT! 1-3 Kaoru Toda to second
|
Batting: RHB Charles Marcel
|
0-0: Ground out 1-3 (Groundball, 15, EV 70.6 MPH)
|
Batting: LHB Esteban Cordova
|
0-0: SINGLE (Popup, 34D, EV 65.0 MPH) Kaoru Toda to third Runner from 3rd tries for Home, SAFE, throw by 2B to home
|
Batting: RHB Rico Coss
|
0-0: Ball 1-0: Ball 2-0: Ground out 4-3 (Groundball, 4, EV 88.8 MPH)
|
Bottom of the 8th over - 1 run, 2 hits, 0 errors, 1 left on base; Arkansas 2 - Akron 3 |
TOP OF THE 9TH |
Arkansas Travelers batting - Pitching for Akron RubberDucks : LHP Gil Longoria
|
Pitching: RHP Juan Flores
|
|
Now in RF: Justin Lauderdale
|
|
Batting: LHB Griffin Ferris
|
0-0: Ball 1-0: Swinging Strike 1-1: Ball 2-1: Ball 3-1: Swinging Strike 3-2: Strikes out swinging
|
Batting: LHB Mark Reeg
|
0-0: Swinging Strike 0-1: Swinging Strike 0-2: Strikes out swinging
|
Batting: SHB Mario Padron
|
0-0: Ball 1-0: Foul Ball, location: 2F 1-1: Foul Ball, location: 2F 1-2: Strikes out swinging
|
Top of the 9th over - 0 runs, 0 hits, 0 errors, 0 left on base; Arkansas 2 - Akron 3 |
|